Map: Ascension to Aiur LE

Players

Kelazhur - Winner!

  • Race: Terran Terran
  • Spawn Location: 11:00

uThermal

  • Race: Terran Terran
  • Spawn Location: 5:00

Event: WCS Jonkoping 2017

VOD

Have the link to the VOD?

Description

Time

  • Played on: June 19, 2017, 8:27 a.m.
  • Length: 5:24

All games in this series

Show
View Real Time Build Order
Export as new Build Order

Kelazhur Terran - Winner!

Build Orders:  

Get SALT Encoding   

  12  0:00  SCV  
  13  0:12  SCV  
  14  0:18  Supply Depot  
  14  0:25  SCV  
  15  0:42  Barracks  
  15  0:44  Refinery  
  15  0:57  SCV  
  15  1:01  Barracks  
  16  1:09  SCV  
  17  1:12  Refinery  
  17  1:22  SCV  
  18  1:28  Reaper  
  19  1:36  Orbital Command  
  19  1:47  Reaper  
  20  1:55  Supply Depot  
  20  2:01  Reaper  
  21  2:02  SCV  
  22  2:16  SCV  
  22  2:19  Reaper  
  24  2:29  SCV  
  25  2:33  Reaper  
  26  2:41  SCV  
  23  2:52  Reaper  
  23  2:54  SCV  
  21  3:05  Reaper  
  14  3:17  SCV  
  14  3:24  Reaper  
  10  3:37  Reaper  
  11  3:56  Reaper  
  12  4:09  Reaper  
  13  4:20  Orbital Command  
  13  4:28  Marine  
  14  4:41  Marine  
  15  4:55  Orbital Command  
  15  4:59  Marine  
Show
View Real Time Build Order
Export as new Build Order

uThermal Terran 

Build Orders:  

Get SALT Encoding   

  12  0:08  Supply Depot  
  12  0:31  Refinery  
  12  0:37  Barracks  
  12  0:51  Barracks  
  12  0:59  SCV  
  13  1:11  SCV  
  14  1:23  Barracks Tech Lab  
  14  1:38  Barracks Tech Lab  
  14  1:42  Marauder, Concussive Shells  
  16  1:57  Marauder  
  18  2:03  Marauder  
  20  2:18  Marauder  
  22  2:33  Marauder  
  22  2:38  Bunker  
  12  3:39  Marine  
  13  3:57  Marauder  
Tags
 
Add a new tag
Caveats
  • Supply blocks, unpowered buildings, or Contaminate may cause inaccurate times.
  • Supply counts are checked every 10 seconds.